 Dungeon Crawl Stone Soup version 0.30-a0-1085-g990a428a5c (webtiles) character file.

Game seed: 5704062753868722943

152 jlumianski the Trooper (level 5, -1/42 HPs)
             Began as a Demonspawn Fighter on Apr 17, 2023.
             Slain by a gnoll
             ... wielding a +0 halberd
             ... led by a gnoll bouda
              (6 damage)
             ... on level 3 of the Dungeon.
             The game lasted 00:05:05 (1449 turns).

jlumianski the Trooper (Demonspawn Fighter)         Turns: 1449, Time: 00:05:06

Health: -1/42      AC: 12    Str: 18    XL:     5   Next: 11%
Magic:  5/5        EV:  9    Int: 10    God:
Gold:   100        SH:  4    Dex: 12    Spells: 4/4 levels left

rFire   . . .      SeeInvis .    a - +0 war axe
rCold   . . .      Faith    .    c - +0 buckler
rNeg    . . .      Spirit   .    b - +0 scale mail
rPois   .          Reflect  .    (no helmet)
rElec   .          Rampage  .    (no cloak)
rCorr   .                        (no gloves)
Will    .....                    (no boots) Stlth
                                 (no amulet)
HPRegen 0.27/turn                h - +4 ring of protection
MPRegen 0.09/turn                (no ring)

@: mighty
A: claws 1, molten scales 1
a: no special abilities


You were on level 3 of the Dungeon.
You visited 1 branch of the dungeon, and saw 4 of its levels.

You collected 100 gold pieces.

Inventory:

Hand Weapons
 a - a +0 war axe (weapon)
Missiles
 e - 17 stones (quivered)
Armour
 b - a +0 scale mail (worn)
 c - a +0 buckler (worn)
Magical Staves
 k - a staff of air
Jewellery
 h - a +4 ring of protection (left claw)
Wands
 o - a wand of digging (5)
Scrolls
 g - a scroll of amnesia {unknown}
 j - 2 scrolls of identify {unknown}
 l - 3 scrolls of fog {unknown}
 n - a scroll of enchant armour {unknown}
 p - a scroll of poison {unknown}
Potions
 f - a potion of curing {unknown}
 i - a potion of degeneration {unknown}
 m - 2 potions of heal wounds {unknown}


   Skills:
 * Level 3.7 Fighting
 + Level 3.4 Axes
 + Level 3.5 Armour
 + Level 0.7 Dodging
 - Level 0.2 Stealth
 + Level 2.9 Shields


You had 4 spell levels left.
You didn't know any spells.
Your spell library contained the following spells:

 Spells                   Type           Power      Damage    Failure   Level
 Ensorcelled Hibernation  Hex/Ice        0%         N/A       93%         2
 Passwall                 Tmut/Erth      0%         N/A       93%         2
 Swiftness                Air            0%         N/A       99%         3


Dungeon Overview and Level Annotations

Branches:
Dungeon (4/15)
 Temple: D:4-7

Altars:


Innate Abilities, Weirdness & Mutations

You have sharp fingernails.
You are partially covered in molten scales. (AC +2)


Message History

The gnoll bouda gazes fiercely through you!
You feel your attacks grow feeble.
The gnoll bouda hits you but does no damage.
The gnoll barely misses you.
The gnoll bouda attacks as you move away!
You block the gnoll bouda's attack.
The gnoll bouda barks out a call to the hunt!
The gnoll picks up the pace!
The gnoll barely misses you. You block the gnoll bouda's attack.
You slash the gnoll bouda!
The gnoll bouda is heavily wounded.
Your attacks no longer feel as feeble.
The gnoll hits you from afar with a +0 halberd.
* * * LOW HITPOINT WARNING * * *
You block the gnoll bouda's attack.
You closely miss the gnoll bouda.
The gnoll bouda is heavily wounded.
The gnoll hits you but does no damage.
The gnoll bouda gazes fiercely through you!
You feel your attacks grow feeble. You block the gnoll bouda's attack.
The gnoll hits you from afar with a +0 halberd.
* * * LOW HITPOINT WARNING * * *
You feel very mighty all of a sudden. You block the gnoll bouda's attack.
The gnoll barely misses you.
You slash the gnoll bouda!
You kill the gnoll bouda!
The gnoll hits you from afar with a +0 halberd.
* * * LOW HITPOINT WARNING * * *
You have reached level 5!
The gnoll barely misses you.
There is a stone staircase leading down here.
Things that are here:
a +0 whip; a +0 robe You closely miss the gnoll.
You block the gnoll's attack. The gnoll closely misses you.
You hit the gnoll but do no damage.
Your attacks no longer feel as feeble.
The gnoll hits you with a +0 halberd.
You die...

.##.###...~~~~..######.#
#..8~~~~..........
#...~~~~..######.#
#.........# #.#......##
#.# #.##....## ...#
#.......# ...#
####.##.##.# ....
..#.##.##@########
...#####.#......g##.....#
.......#.#.##.##.##.....#
........................#
.......#.#.......##.....#
...#####.#..#.#..##.....#
.........#..[....########
...#######.##....# ...#
#.####..#


You could see a gnoll (swift).

Vanquished Creatures
  A gnoll bouda (D:3)
  4 gnolls (D:2)
  2 adders (D:2)
  2 worms (D:2)
  3 dart slugs
  An orc (D:2)
  4 bats
  6 endoplasms
  2 giant cockroaches
  6 goblins
  4 hobgoblins
  2 jackals (D:2)
  3 quokkas (D:1)
  5 ball pythons
  A frilled lizard (D:2)
  5 rats
51 creatures vanquished.

Notes
Turn   | Place    | Note
-------+----------+-------------------------------------------
     0 | D:1      | jlumianski the Demonspawn Fighter began the quest for the
                  | Orb.
     0 | D:1      | Reached XP level 1. HP: 18/18 MP: 1/1
    43 | D:2      | Gained mutation: You are partially covered in molten
                  | scales. (AC +2) [demonic ancestry]
    43 | D:2      | Reached XP level 2. HP: 23/24 MP: 2/2
   193 | D:3      | Noticed an ogre
   299 | D:1      | Gained mutation: You have sharp fingernails. [demonic
                  | ancestry]
   299 | D:1      | Reached XP level 3. HP: 29/29 MP: 3/3
   984 | D:2      | Reached XP level 4. HP: 35/35 MP: 4/4
  1004 | D:2      | Found a faded altar of an unknown god.
  1447 | D:3      | Reached XP level 5. HP: 4/42 MP: 5/5
  1449 | D:3      | Slain by a gnoll

Illustrated notes

Levels and vault maps discovered:
D:1:      amcnicky_arrival_double_pillar, layout_rooms, minmay_hedge_maze,
          hangedman_decor_growths
D:2:      layout_rooms, basic_ecumenical_altar, minmay_splitting_lines,
          st_stairs_9
D:3:      layout_loops_cross, serial_park_tiny_pond, saegor_snake_ambush
D:4:      layout_rooms, lemuel_crystal_altar, eino_tiny_chamber, uniq_robin,
          uniq_grinder, uniq_natasha

Skill      XL: |  1  2  3  4 |
---------------+-------------+-----
Armour         | 3 |  3.5
Axes           | 2 3 |  3.4
Fighting       | |  3.7
Dodging        | |  0.7
Stealth        | |  0.2
Shields        | |  2.9

Action                     |  1- 3 |  4- 6 || total
---------------------------+-------+-------++-------
  Melee: War axe           |   100 |    42 ||   142
  Throw: Stone             |     1 |       ||     1
    Use: Potion            |       |     1 ||     1
 Armour: Scale mail        |    68 |    19 ||    87
  Dodge: Dodged            |    42 |    23 ||    65
  Block: Buckler           |    21 |    14 ||    35

Table legend: (Time is in decaauts)
 A = Elapsed time spent in this place.
 B = Non-inter-level travel time spent in this place.
 C = Inter-level travel time spent in this place.
 D = Time resting spent in this place.
 E = Time spent auto-exploring this place.
 F = Levels seen in this place.
 G = Mean time per level.
                   A        B        C        D        E       F      G
               +--------+--------+--------+--------+--------+-----+--------+
         Total |   1511 |   1496 |     15 |      0 |    863 |   4 |  377.8 |
       Dungeon |   1511 |   1496 |     15 |      0 |    863 |   4 |  377.8 |
               +--------+--------+--------+--------+--------+-----+--------+

Top non-repeatable levels by time:
     D:2: 688 daAuts
     D:1: 537 daAuts
     D:3: 281 daAuts
     D:4: 4 daAuts
